 Dungeon Crawl Stone Soup version 0.19.3-4-gbf9329e (webtiles) character file.

23988 theAP the Impaler (level 13, -29/123 HPs)
             Began as a Formicid Fighter on Jan 28, 2017.
             Was an Initiate of Gozag.
             Killed from afar by a frost giant (61 damage)
             ... with a bolt of cold
             ... on level 13 of the Dungeon.
             The game lasted 00:24:39 (11778 turns).

theAP the Impaler (Formicid Fighter)               Turns: 11778, Time: 00:24:39

Health: -29/123    AC: 11    Str: 23    XL:     13   Next: 39%
Magic:  13/13      EV:  9    Int: 12    God:    Gozag
Gold:   1317       SH: 21    Dex: 17    Spells: 0 memorised, 12 levels left

rFire  + . .     SeeInvis +     a - +4 trident
rCold  x . .     Gourm    .     w - +1 scale mail of Life {Dex+3} (curse)
rNeg   . . .     Faith    .     c - +1 shield
rPois  .         Spirit   .     (helmet unavailable)
rElec  .         Reflect  +     (no cloak)
rCorr  .         Harm     .     h - +0 pair of gloves
MR     ++...                    v - +0 pair of boots
Stlth  +.........               E - brooch of Shielding {Reflect SH+8}
                                I - +3 ring of intelligence
                                L - ring of fire

@: no status effects
A: permanent stasis, dig shafts and tunnels, four strong arms, antennae 3, thin
skeletal structure 1, magic resistance 1, mutation resistance 1, robust 1
a: Dig, Shaft Self, Potion Petition, Call Merchant, Bribe Branch, Renounce
Religion


You were on level 13 of the Dungeon.
You worshipped Gozag.
Gozag was most pleased with you.
You were not hungry.

You visited 2 branches of the dungeon, and saw 14 of its levels.

You collected 2766 gold pieces.
You paid 1449 gold pieces to Gozag.

Inventory:

Hand Weapons
 a - a +4 trident (weapon)
 M - a +3 glaive
Armour
 b - a +0 scale mail
 c - a +1 shield (worn)
 h - a +0 pair of gloves (worn)
 v - a +0 pair of boots (worn)
 w - the cursed +1 scale mail of Life (worn) {Dex+3}
   (You found it on level 7 of the Dungeon)

   It affects your dexterity (+3).
   It has a curse placed upon it.
 y - a +2 scale mail of poison resistance
Jewellery
 j - an uncursed amulet of rage
 r - an uncursed amulet of faith
 u - an uncursed ring of stealth
 E - the brooch of Shielding (around neck) {Reflect SH+8}
   (You found it on level 8 of the Dungeon)

   [amulet of reflection]

   It shields you and reflects attacks.
   It affects your SH (+8).
 I - a +3 ring of intelligence (right hand)
 L - a ring of fire (left hand)
 P - an uncursed amulet of magic regeneration {unknown}
Wands
 e - a wand of teleportation (1/9)
 o - a wand of polymorph (13/24)
 s - a wand of confusion (33/48)
 J - a wand of iceblast (11/15)
 N - a wand of teleportation (3/9)
 O - a wand of iceblast (11/15)
Scrolls
 d - 4 scrolls of amnesia
 g - 3 scrolls of identify
 k - 4 scrolls of fog
 t - 7 scrolls of remove curse
 B - 3 scrolls of recharging
 F - 2 scrolls of magic mapping
Potions
 i - a potion of brilliance
 l - 3 potions of haste
 m - 2 potions of invisibility
 n - a potion of berserk rage
 p - 2 potions of resistance
 q - 2 potions of flight
 x - a potion of degeneration
 C - 3 potions of magic
 D - 3 potions of curing
 H - a potion of cure mutation {unknown}
Books
 z - a book of Changes

   Spells                             Type                      Level
   a - Beastly Appendage              Transmutation                1
   b - Sticks to Snakes               Transmutation                2
   c - Spider Form                    Transmutation/Poison         3
   d - Ice Form                       Ice/Transmutation            4
   e - Blade Hands                    Transmutation                5
 G - a book of Party Tricks

   Spells                             Type                      Level
   a - Summon Butterflies             Summoning                    1
   b - Apportation                    Translocation                1
   c - Lesser Beckoning               Translocation                3
   d - Tukima's Dance                 Hexes                        3
   e - Alistair's Intoxication        Transmutation/Poison         5
   f - Invisibility                   Hexes                        6
 K - a book of Transfigurations

   Spells                             Type                      Level
   a - Irradiate                      Conjuration/Transmutation    5
   b - Statue Form                    Transmutation/Earth          6
   c - Hydra Form                     Transmutation                6
   d - Dragon Form                    Transmutation                7
Comestibles
 f - 10 bread rations
 A - 4 meat rations
 Q - a beef jerky


   Skills:
 + Level 13.6 Fighting
 * Level 15.3 Polearms
 - Level 7.3 Armour
 - Level 8.1 Shields


You had 12 spell levels left.
You didn't know any spells.

Dungeon Overview and Level Annotations

Branches:
Dungeon (13/15)            Temple (1/1) D:4            Lair (0/6) D:11
    Orc (0/2) D:9
 Vaults: D:13-14

Altars:
Ashenzari
Cheibriados
Dithmenos
Elyvilon
Fedhas
Gozag
Hepliaklqana
Kikubaaqudgha
Makhleb
Nemelex Xobeh
Okawaru
Qazlal
Ru
Sif Muna
Trog
Uskayaw
Vehumet
Xom
Yredelemnul
Zin
The Shining One

Shops:
D:11 *}

Portals:
Trove: D:10 (give wand of heal wounds (9))


Innate Abilities, Weirdness & Mutations

You are under a permanent stasis effect.
You can dig through walls and to a lower floor.
Your four strong arms can wield two-handed weapons with a shield.
You have a pair of large antennae on your head. (SInv)
You have a somewhat thin skeletal structure. (Dex +2, Stealth)
You are resistant to hostile enchantments. (MR+)
You are somewhat resistant to further mutation.
You are robust. (+10% HP)


Message History

You are engulfed in poison gas.
You are more poisoned.
You feel very sick.
The frost giant is engulfed in poison gas.
The frost giant is poisoned.
The swamp dragon breathes poison at you.
The blast of poison misses you.
You are engulfed in poison gas.
You are lethally poisoned!
You feel very sick.
You are engulfed in poison gas.
You are more poisoned.
* * * LOW HITPOINT WARNING * * *
x2 You feel very sick.
* * * LOW HITPOINT WARNING * * *
You feel very sick.
You feel better. The frost giant casts a spell at you.
The bolt of cold hits you!
You feel a terrible chill!
You die...
Your body crumbles into a pile of gold.

#.# #.# #.# #.# #.#
#####.#######
#...........#
#############.#####.#
#§§§D§@##..##.##
######...§§.##......#
.....'.C##§§).......#
###..'..##..'(......####
..<.##§§#...##.........#
#.# #.§.#..##....<..#.#
. #.§#...##.....#.#.#
#..##..######.#.#.# #
#..##..# #.#.#.# .


You could see a frost giant and a swamp dragon shaped shifter.

Vanquished Creatures
  The ghost of muxecoid the Fighter, a journeyman FoWn of Okawaru (D:13)
  A hydra (D:12)
  The ghost of Thrillho the Destroyer, a journeyman DEFE of Vehumet (D:10)
  Urug (D:11)
  A tengu warrior (D:10)
  Nergalle (D:12)
  A necromancer (D:11)
  A hill giant (D:11)
  Pikel (D:6)
  3 ugly things
  The ghost of Alarkh the Cleaver, a novice DsMo of Okawaru (D:6)
  A deep elf mage (D:11)
  2 manticores (D:12)
  2 gargoyles (D:11)
  3 trolls
  A hornet (D:10)
  Grinder (D:6)
  A two-headed ogre (shapeshifter) (D:13)
  A two-headed ogre (D:9)
  Prince Ribbit (D:8)
  4 slime creatures (D:12)
  2 hippogriffs
  4 shadows (D:11)
  4 flying skulls (D:11)
  A wyvern (D:8)
  4 wraiths (D:11)
  18 yaks
  Grum (D:11)
  The ghost of Alarkh the Chopper, an amateur DsMo (D:3)
  A hungry ghost (D:13)
  A steam dragon (D:9)
  2 hell hounds (D:11)
  2 ice beasts
  5 orc warriors
  A sky beast (D:10)
  A black bear (D:6)
  4 phantoms
  3 ogres
  2 wolves (D:11)
  3 centaurs
  A big kobold (D:11)
  4 bullfrogs
  A wyvern skeleton (D:6)
  3 scorpions
  4 wights (D:11)
  4 howler monkeys
  2 crimson imps
  A bullfrog zombie (D:11)
  6 centaur zombies (D:11)
  4 jellies
  A quasit (D:4)
  11 orc priests
  8 hounds
  12 orc wizards
  4 bullfrog skeletons
  6 centaur skeletons
  2 iguanas
  9 worker ants
  A hound zombie (D:7)
  2 hound skeletons
  Robin (D:3)
  3 gnolls (D:6)
  A howler monkey skeleton (D:7)
  10 adders
  3 shadow imps
  An ooze (D:1)
  An adder zombie (D:5)
  2 worms
  4 dart slugs
  6 leopard geckos
  44 orcs
  2 ball pythons
  3 bats
  5 giant cockroaches
  15 goblins
  12 hobgoblins
  9 jackals
  5 quokkas
  9 frilled lizards
  A jackal skeleton (D:4)
  16 kobolds
  A leopard gecko skeleton (D:5)
  A leopard gecko zombie (D:5)
  9 rats
340 creatures vanquished.

Vanquished Creatures (others)
  A centaur warrior (D:13)
  A cyclops (D:11)
  An ogre (D:5)
  2 centaurs (D:12)
  A scorpion (D:5)
  An orc wizard (D:4)
  A howler monkey skeleton (D:11)
  2 adders (D:5)
  A ball python (D:5)
  A kobold (D:11)
12 creatures vanquished.

Grand Total: 352 creatures vanquished

Notes
Turn   | Place    | Note
-------+----------+-------------------------------------------
     0 | D:1      | theAP the Formicid Fighter began the quest for the Orb.
     0 | D:1      | Reached XP level 1. HP: 18/18 MP: 1/1
    93 | D:1      | Reached XP level 2. HP: 17/24 MP: 2/2
   161 | D:1      | Reached XP level 3. HP: 19/29 MP: 3/3
   207 | D:1      | Reached skill level 3 in Polearms
   591 | D:2      | Reached XP level 4. HP: 33/43 MP: 4/4
   675 | D:2      | Found an ancient bone altar of Kikubaaqudgha.
   677 | D:2      | Found a sacrificial altar of Ru.
   677 | D:2      | Found a stormy altar of Qazlal.
   763 | D:2      | Reached XP level 5. HP: 49/49 MP: 5/5
  1325 | D:3      | Noticed Alarkh's ghost (amateur DsMo)
  1334 | D:3      | Killed Alarkh's ghost
  1334 | D:3      | Reached skill level 4 in Polearms
  1334 | D:3      | Reached XP level 6. HP: 54/56 MP: 6/6
  1489 | D:3      | Found a sparkling altar of Nemelex Xobeh.
  1497 | D:3      | Noticed Robin
  1510 | D:3      | Killed Robin
  1701 | D:4      | Noticed a phantom
  1711 | D:4      | Killed a phantom
  1711 | D:4      | Reached XP level 7. HP: 58/62 MP: 7/7
  1761 | D:4      | Reached skill level 5 in Polearms
  2166 | D:4      | Found a staircase to the Ecumenical Temple.
  2170 | Temple   | Entered the Ecumenical Temple
  2205 | Temple   | Became a worshipper of Gozag Ym Sagoz the Greedy
  2453 | D:4      | Reached XP level 8. HP: 63/68 MP: 8/8
  2611 | D:5      | Entered Level 5 of the Dungeon
  2685 | D:5      | Reached skill level 6 in Polearms
  2704 | D:5      | Found a shimmering altar of Xom.
  2863 | D:5      | Gained mutation: You have a somewhat thin skeletal structure. (Dex +2, Stealth) [potion of mutation]
  2863 | D:5      | Gained mutation: You are robust. (+10% HP) [potion of mutation]
  2863 | D:5      | Gained mutation: Your spells are a little easier to cast, but a little less powerful. [potion of mutation]
  2864 | D:5      | Gained mutation: You are resistant to hostile enchantments. (MR+) [potion of mutation]
  2864 | D:5      | Lost mutation: Your spells are a little easier to cast, but a little less powerful. [potion of mutation]
  2865 | D:5      | Gained mutation: You are somewhat resistant to further mutation. [potion of mutation]
  3189 | D:6      | Noticed Alarkh's ghost (novice DsMo)
  3194 | D:6      | Noticed Grinder
  3216 | D:6      | Killed Alarkh's ghost
  3216 | D:6      | Reached skill level 7 in Polearms
  3216 | D:6      | Reached XP level 9. HP: 79/82 MP: 9/9
  3252 | D:6      | Killed Grinder
  3474 | D:6      | Noticed Pikel
  3495 | D:6      | Killed Pikel
  3495 | D:6      | Reached skill level 8 in Polearms
  4207 | D:7      | Reached XP level 10. HP: 90/92 MP: 10/10
  4226 | D:7      | Reached skill level 9 in Polearms
  4406 | D:7      | Got an encrusted scale mail
  4417 | D:7      | Identified the cursed +1 scale mail of Life {Dex+3} (You found it on level 7 of the Dungeon)
  5266 | D:8      | Reached skill level 10 in Fighting
  5684 | D:8      | Noticed Prince Ribbit
  5701 | D:8      | Killed Prince Ribbit
  5714 | D:8      | Reached skill level 10 in Polearms
  6401 | D:9      | Found a staircase to the Orcish Mines.
  6431 | D:9      | Found a white marble altar of Elyvilon.
  6573 | D:9      | Reached skill level 11 in Polearms
  6583 | D:9      | Reached XP level 11. HP: 101/101 MP: 11/11
  6805 | D:10     | Entered Level 10 of the Dungeon
  7220 | D:10     | Noticed a tengu warrior
  7232 | D:10     | Killed a tengu warrior
  7306 | D:10     | Found a portal to a secret trove of treasure.
  7342 | D:10     | Noticed Thrillho's ghost (journeyman DEFE)
  7369 | D:10     | Killed Thrillho's ghost
  8261 | D:11     | Noticed a hill giant
  8272 | D:11     | Killed a hill giant
  8272 | D:11     | Reached skill level 12 in Polearms
  8402 | D:11     | Noticed Urug
  8420 | D:11     | Killed Urug
  8623 | D:11     | Noticed Grum
  8638 | D:11     | Killed Grum
  8754 | D:11     | Noticed a deep elf mage
  8767 | D:11     | Killed a deep elf mage
  8787 | D:11     | Reached XP level 12. HP: 101/112 MP: 12/12
  8846 | D:11     | Reached skill level 13 in Polearms
  9102 | D:11     | Found a staircase to the Lair.
  9618 | D:12     | Reached skill level 14 in Polearms
  9680 | D:12     | Noticed a five-headed hydra
  9689 | D:12     | Killed a six-headed hydra
 10181 | D:12     | Noticed Nergalle
 10209 | D:12     | Killed Nergalle
 10209 | D:12     | Reached XP level 13. HP: 70/122 MP: 13/13
 11187 | D:13     | Reached skill level 15 in Polearms
 11341 | D:13     | Noticed muxecoid's ghost (journeyman FoWn)
 11389 | D:13     | Killed muxecoid's ghost
 11524 | D:13     | Noticed a centaur warrior
 11538 | D:13     | Killed a centaur warrior
 11737 | D:13     | Noticed an anaconda
 11737 | D:13     | a wolf spider changed into an anaconda
 11739 | D:13     | an anaconda changed into a torpor snail
 11766 | D:13     | Noticed a frost giant
 11778 | D:13     | Killed from afar by a frost giant

Skill      XL: |  1  2  3  4  5  6  7  8  9 10 11 12 13 |
---------------+----------------------------------------+-----
Polearms       | 3 4 5 7 8 11 12 14 15 | 15.3
Fighting       | 7 8 9 10 11 13 | 13.6
Armour         | 7 |  7.3
Shields        | 8 |  8.1

Action                   |  1- 3 |  4- 6 |  7- 9 | 10-12 | 13-15 || total
-------------------------+-------+-------+-------+-------+-------++-------
Melee: Trident           |   109 |   162 |   351 |   531 |   227 ||  1380
       Glaive            |       |       |       |   272 |       ||   272
Invok: Potion Petition   |       |       |       |     1 |     1 ||     2
       Call Merchant     |       |       |       |     2 |       ||     2
Evoke: Wand              |       |       |       |       |     1 ||     1
  Use: Scroll            |     5 |     7 |     9 |     8 |     1 ||    30
       Potion            |     1 |     1 |     8 |     1 |     2 ||    13
 Stab: Sleeping          |       |       |       |     5 |       ||     5
       Distracted        |       |       |       |     5 |     2 ||     7
  Eat: Chunk             |       |     3 |     2 |       |       ||     5
       Fruit             |       |       |     4 |    10 |     3 ||    17
       Beef jerky        |       |       |     2 |     2 |     1 ||     5
       Bread ration      |       |       |       |     1 |     1 ||     2
       Pizza             |       |       |       |     2 |       ||     2
Armor: Scale mail        |    25 |    61 |   114 |   106 |    22 ||   328
       Skin              |       |       |    19 |       |       ||    19
Dodge: Dodged            |    18 |    35 |    94 |   109 |    19 ||   275
Block: Shield            |    38 |    76 |   208 |   501 |   103 ||   926
       Reflection        |       |       |       |    18 |    15 ||    33
